Map: Coda LE (Void)

Players

TorA

  • Race: Terran Terran

Bop - Winner!

  • Race: Zerg Zerg

VOD

Have the link to the VOD?

Description

Time

  • Played on: May 2, 2015, 11:02 p.m.
  • Length: 7:30
Show
View Real Time Build Order
Export as new Build Order

TorA Terran 

Build Orders: Command Center First (CC), Mech 

Get SALT Encoding   

  12  0:00  SCV  
  13  0:12  SCV  
  14  0:19  Supply Depot  
  14  0:25  SCV  
  15  0:41  SCV  
  16  0:53  SCV  
  17  1:09  Command Center  
  17  1:18  SCV, Barracks  
  18  1:30  SCV  
  19  1:37  Refinery  
  19  1:46  SCV  
  20  1:58  SCV  
  21  2:07  Supply Depot  
  21  2:17  Orbital Command  
  21  2:18  Marine  
  22  2:23  Orbital Command  
  22  2:26  Supply Depot  
  22  2:35  Marine  
  23  2:43  SCV  
  23  2:44  Factory  
  24  2:50  SCV, Bunker  
  24  2:56  Barracks Reactor  
  24  3:04  SCV  
  25  3:09  SCV  
  26  3:16  SCV  
  27  3:21  SCV  
  27  3:24  Command Center  
  28  3:28  SCV  
  28  3:33  SCV  
  30  3:37  Hellion x2  
  30  3:40  SCV  
  30  3:41  Factory  
  35  3:45  SCV  
  36  3:49  Barracks Tech Lab  
  36  3:52  SCV, Refinery  
  37  3:57  SCV  
  37  3:59  Supply Depot  
  37  4:00  Hellion  
  37  4:01  Hellion  
  42  4:04  SCV  
  44  4:10  SCV  
  44  4:16  SCV  
  45  4:22  SCV  
  45  4:23  Hellion x2  
  50  4:28  SCV  
  51  4:31  Refinery  
  51  4:32  Refinery  
  51  4:34  SCV, Siege Tank  
  51  4:37  Orbital Command  
  55  4:40  SCV  
  55  4:44  Hellion x2  
  60  4:46  SCV  
  62  4:52  SCV  
  54  5:07  Widow Mine  
  54  5:08  Hellion  
  54  5:09  Siege Tank  
  54  5:13  SCV  
  62  5:16  Supply Depot  
  62  5:17  SCV  
  63  5:21  SCV  
  63  5:22  Armory  
  63  5:25  SCV  
  65  5:29  Hellion, Factory  
  65  5:31  SCV  
  65  5:33  SCV  
  69  5:36  Hellion, Engineering Bay  
  69  5:37  SCV  
  72  5:43  SCV  
  72  5:48  Supply Depot  
  73  5:50  SCV, Hellion  
  73  5:52  Supply Depot  
  73  5:53  Siege Tank  
  79  5:57  Hellion  
  79  6:01  SCV x2  
  79  6:02  SCV  
  84  6:08  Missile Turret  
  84  6:10  Missile Turret  
  84  6:13  SCV x2  
  84  6:15  Factory Tech Lab  
  86  6:19  Missile Turret  
  86  6:28  Missile Turret  
  85  6:35  Thor  
  90  6:40  Thor  
  90  6:42  Hellbat x2  
  100  6:50  SCV x2  
  100  6:54  SCV  
  98  7:03  Hellbat  
  98  7:05  Hellbat  
  95  7:10  SCV  
  95  7:11  SCV x2  
Show
View Real Time Build Order
Export as new Build Order

Bop Zerg - Winner!

Build Orders: Hatch First 

Get SALT Encoding   

  12  0:01  Drone  
  13  0:13  Overlord  
  13  0:17  Drone  
  14  0:32  Drone x2  
  16  0:36  Drone  
  17  0:54  Hatchery  
  16  0:57  Drone  
  16  1:01  Drone  
  18  1:09  Extractor  
  17  1:17  Spawning Pool  
  16  1:25  Drone x2  
  19  1:32  Drone  
  19  1:42  Drone  
  20  1:52  Drone  
  21  2:05  Queen x2  
  21  2:06  Zergling x2  
  21  2:07  Zergling x2  
  27  2:11  Metabolic Boost  
  27  2:15  Drone  
  28  2:22  Overlord  
  28  2:41  Drone x4, Queen  
  34  2:49  Overlord  
  34  2:55  Drone x2  
  36  3:02  Drone  
  36  3:10  Drone  
  36  3:12  Extractor  
  36  3:14  Extractor  
  36  3:15  Drone x5  
  40  3:21  Overlord  
  40  3:22  Drone x3  
  43  3:28  Drone  
  43  3:31  Lair  
  44  3:41  Drone x2  
  44  3:42  Drone  
  47  3:49  Drone x3  
  47  3:50  Drone x2  
  52  3:55  Baneling Nest  
  52  4:00  Overlord  
  51  4:18  Drone x2  
  51  4:19  Drone  
  51  4:21  Extractor  
  51  4:22  Drone  
  51  4:23  Drone x3  
  57  4:24  Hatchery  
  56  4:33  Spire  
  55  4:39  Burrow  
  55  4:43  Zergling x2  
  55  4:44  Zergling x8  
  56  5:01  Drone x5  
  59  5:12  Drone  
  59  5:13  Overlord x2  
  60  5:27  Overlord  
  60  5:28  Overlord  
  60  5:29  Hydralisk Den  
  60  5:31  Extractor  
  60  5:34  Extractor  
  57  5:37  Drone x3  
  57  5:38  Drone x2, Infestation Pit  
  61  5:46  Mutalisk x3  
  67  5:57  Mutalisk x2  
  67  6:01  Mutalisk x2  
  75  6:05  Mutalisk  
  75  6:08  Mutalisk  
  79  6:17  Mutalisk  
  81  6:19  Drone x4  
  85  6:30  Mutalisk  
  85  6:32  Drone x7  
  94  6:36  Overlord  
  94  6:42  Overlord  
  94  6:44  Mutalisk  
  96  6:49  Overseer  
  96  6:58  Overlord  
  96  7:00  Drone x8  
  104  7:07  Overlord  
Tags
 
Add a new tag
Caveats
  • Supply blocks, unpowered buildings, or Contaminate may cause inaccurate times.
  • Supply counts are checked every 10 seconds.